 Dungeon Crawl Stone Soup version 0.28.0-45-g0d030f2227 (webtiles) character file.

Game seed: 17565579422128262041

46 mobama the Chopper (level 3, 0/33 HPs)
             Began as a Hill Orc Berserker on Apr 14, 2022.
             Was a Follower of Trog.
             Slain by Jessica
             ... wielding a +0 club
              (4 damage)
             ... on level 2 of the Dungeon.
             The game lasted 00:04:02 (1324 turns).

mobama the Chopper (Hill Orc Berserker)             Turns: 1324, Time: 00:04:03

Health: 0/33       AC:  5    Str: 21    XL:     3   Next: 66%
Magic:  3/3        EV: 11    Int:  7    God:    Trog [*.....]
Gold:   42         SH:  0    Dex: 10    Spells: 2/2 levels left

rFire   . . .      SeeInvis .   a - +0 hand axe
rCold   . . .      Faith    .   (no shield)
rNeg    . . .      Spirit   .   e - +0 ring mail
rPois   .          Reflect  .   (no helmet)
rElec   .          Harm     .   (no cloak)
rCorr   .          Rampage  .   (no gloves)
Will    .....                   (no boots)
Stlth   ..........              (no amulet)
HPRegen 0.11/turn               (no ring)
MPRegen 0.08/turn               (no ring)

@: on berserk cooldown, slowed, very slow
A: no striking features
a: Renounce Religion, Berserk


You were on level 2 of the Dungeon.
You worshipped Trog.
Trog was aware of your devotion.
You visited 1 branch of the dungeon, and saw 2 of its levels.

You collected 42 gold pieces.

Inventory:

Hand Weapons
 a - a +0 hand axe (weapon)
 f - a +0 war axe
Armour
 b - a +0 animal skin
 e - a +0 ring mail (worn)
Potions
 c - a potion of curing {unknown}
 d - a potion of lignification {unknown}
 g - a potion of resistance {unknown}
 h - 2 potions of attraction {unknown}
 i - 2 potions of magic {unknown}


   Skills:
 + Level 4.2 Fighting
 + Level 4.8 Axes
 + Level 2.6 Armour
 + Level 1.9 Dodging


You had 2 spell levels left.
You didn't know any spells.
Your spell library was empty.

Dungeon Overview and Level Annotations

Branches:
Dungeon (2/15)

Altars:
Cheibriados

Shops:
D:1 :

Annotations:
D:2 Jessica


Message History

You feel your anger nearly subside.
You are no longer berserk.
You are exhausted.
You feel yourself slow down.
Jessica casts a spell.
Jessica blinks!
You closely miss Jessica. Jessica closely misses you.
You completely miss Jessica. Jessica gestures at you while chanting.
You resist with some effort. Jessica closely misses you.
You completely miss Jessica.
Jessica looks very angry.
Jessica barely misses you.
You barely miss Jessica. Jessica hits you with a +0 club.
Jessica gestures wildly.
Jessica casts a spell.
Jessica blinks!
Jessica shouts, "I don't like beings like you!"
Jessica closely misses you.
Jessica looks very angry.
Jessica casts a spell.
Jessica seems to speed up.
You hit Jessica.
Jessica is heavily wounded.
Jessica casts a spell at you. You resist with some effort.
Jessica casts a spell at you. You resist with some effort.
You barely miss Jessica. You punch Jessica.
Jessica is heavily wounded.
Jessica hits you with a +0 club. Jessica misses you.
Jessica points at you and mumbles some strange words.
Pain shoots through your body!
* * * LOW HITPOINT WARNING * * *
You hit Jessica.
Jessica is heavily wounded.
Jessica misses you. Jessica barely misses you.
You hit Jessica but do no damage.
Jessica is heavily wounded.
Jessica hits you with a +0 club.
You die...

########## #........#
#........# #........#
#........#
########........######
#.....##........##....
#....@##........##....
#....@##........##.._.
#................†....
#...††#####....###....
#....†# #...##..####..
#..>......####..# #<.
#..##....... #...#.>..
... ....... ......#..
.............
..#.....# ..
........... [##.#.###


You could see Jessica (fast).

Vanquished Creatures
  An adder (D:2)
  A dart slug (D:1)
  5 bats
  5 endoplasms
  A giant cockroach (D:1)
  2 goblins (D:1)
  6 hobgoblins
  2 jackals (D:1)
  A kobold (D:1)
  A quokka (D:1)
  A frilled lizard (D:1)
  4 rats
30 creatures vanquished.

Vanquished Creatures (others)
  A fungus (D:1)
  3 plants (D:1)
4 creatures vanquished.

Grand Total: 34 creatures vanquished

Notes
Turn   | Place    | Note
-------+----------+-------------------------------------------
     0 | D:1      | mobama the Hill Orc Berserker began the quest for the Orb.
     0 | D:1      | Reached XP level 1. HP: 19/19 MP: 1/1
    42 | D:1      | Found Iwuykkag's Book Shop.
   247 | D:1      | Reached XP level 2. HP: 27/27 MP: 2/2
   667 | D:1      | Found a faded altar of an unknown god.
   923 | D:1      | Reached XP level 3. HP: 33/33 MP: 3/3
  1172 | D:2      | Found a snail-covered altar of Cheibriados.
  1298 | D:2      | Noticed Jessica
  1324 | D:2      | Slain by Jessica

Illustrated notes

Levels and vault maps discovered:
D:1:      lightli_molten_gateway, layout_basic,
          shapermc_ecumenical_altar_mp_ritualfount, serial_shops,
          nicolae_shop_advertising_works [nicolae_subvault_shop_adworks],
          corexii_corridor_pit, glass_columns_b
D:2:      layout_rooms, basic_altar, minmay_tetromino_t2, uniq_jessica

Skill      XL: |  1  2 |
---------------+-------+-----
Fighting       | 4 |  4.2
Axes           | |  4.8
Armour         | |  2.6
Dodging        | |  1.9

Action                   || total
-------------------------++-------
Melee: Hand axe          ||    97
       Punch             ||     1
Invok: Berserk           ||     3
  Use: Scroll            ||     3
Armor: Animal skin       ||     4
       Ring mail         ||    18
Dodge: Dodged            ||    58
